 Dungeon Crawl Stone Soup version 0.31.0-4-g52a2dc7128 (webtiles) character file.

Game seed: 1747771747015697749

254394 Ender991 the Unseen (level 19, -2/114 HPs)
             Began as a Vampire Enchanter on Jan 21, 2024.
             Was the Champion of Wu Jian.
             Slain by a spectral titan (29 damage)
             ... in a wizard's laboratory on Jan 22, 2024.
             The game lasted 05:32:31 (47252 turns).

Ender991 the Unseen (Vampire Enchanter)            Turns: 47252, Time: 05:32:31

Health: -2/114     AC: 21    Str: 11    XL:     19   Next: 2%
Magic:  32/33      EV: 22    Int: 23    God:    Wu Jian [******]
Gold:   2792       SH: 13    Dex: 19    Spells: 15/38 levels left

rFire   + . .        o - +6 Maxwell's thermic engine {flame, freeze, rev}
rCold   + + .        w - +2 buckler {AC+3}
rNeg    + + +        Z - +2 ring mail {rF+}
rPois   ∞            r - +2 hat {Stlth+}
rElec   +            E - +0 cloak
rCorr   +            H - +2 pair of gloves
SInv    +            O - +2 pair of boots {Fly}
Will    +....        V - amulet "Loote" {Reflect rElec rN++ rCorr SH+5}
Stlth   +++++++++    i - +6 ring of intelligence
HPRegen 0.00/turn    c - +5 ring of evasion
MPRegen 0.23/turn

%: reflection
@: brilliant, flying, bloodless, inhibited regen, hasted, very quick
A: bloodless, fangs 3, see invisible, vampiric 2
}: 2/15 runes: decaying, gossamer
a: Bat Form, Revivify, Renounce Religion, Wall Jump, Serpent's Lash, Heavenly
Storm


You were in a wizard's laboratory.
You worshipped Wu Jian.
Wu Jian was exalted by your worship.
You visited 7 branches of the dungeon, and saw 32 of its levels.
You also visited: Gauntlet and Wizlab.

You collected 4473 gold pieces.
You spent 1681 gold pieces at shops.

Inventory:

Hand Weapons
 g - the +3 dagger of Conformity {venom, Int+3 Stlth+}
   (You found it on level 11 of the Dungeon)

   Int+3:     It affects your intelligence (+3).
   Stlth+:    It makes you more stealthy.
 o - the +6 Maxwell's thermic engine (weapon) {flame, freeze, rev}
   (You found it on level 3 of the Dungeon)
 I - a +3 long sword of distortion
Missiles
 k - 5 curare-tipped darts
 F - 3 atropa-tipped darts
 M - 4 datura-tipped darts
Armour
 r - a +2 hat of stealth (worn)
 w - a +2 buckler of protection (worn)
 E - a +0 cloak (worn)
 H - a +2 pair of gloves (worn)
 O - a +2 pair of boots of flying (worn)
 Z - a +2 ring mail of fire resistance (worn)
Jewellery
 b - a ring of protection from cold
 c - a +5 ring of evasion (right hand)
 i - a +6 ring of intelligence (left hand)
 x - a ring of protection from fire
 V - the amulet "Loote" (around neck) {Reflect rElec rN++ rCorr SH+5}
   (You acquired it on level 10 of the Dungeon)

   [amulet of reflection]

   Reflect:   It reflects blocked missile attacks.
   rElec:     It insulates you from electricity.
   rN++:      It greatly protects you from negative energy.
   rCorr:     It protects you from acid and corrosion.
   SH+5:      It affects your SH (+5).
Wands
 m - a wand of charming (39)
 B - a wand of digging (1)
 C - a wand of quicksilver (11)
 D - a wand of flame (35)
 K - a wand of polymorph (17)
 W - a wand of roots (18)
Scrolls
 d - 4 scrolls of poison
 h - 6 scrolls of teleportation
 j - a scroll of fear
 l - 6 scrolls of identify
 n - 8 scrolls of fog
 p - 6 scrolls of amnesia
 v - a scroll of summoning
 J - 3 scrolls of torment
 R - 2 scrolls of vulnerability
 S - 4 scrolls of revelation
 T - 10 scrolls of immolation
 X - a scroll of silence
Potions
 a - 4 potions of haste
 e - 4 potions of mutation
 f - 3 potions of enlightenment
 q - 5 potions of ambrosia
 s - 5 potions of lignification
 t - 5 potions of curing
 u - 3 potions of magic
 y - a potion of invisibility
 z - a potion of brilliance
 A - 4 potions of attraction
 G - a potion of heal wounds
 L - 2 potions of cancellation
 N - 4 potions of might
 Y - 2 potions of resistance
Miscellaneous
 P - a lightning rod (4/4)
 Q - a phantom mirror
 U - a phial of floods


   Skills:
 - Level 11.0 Fighting
 - Level 5.3(12.9) Short Blades
 - Level 16.7(17.0) Long Blades
 - Level 4.0 Throwing
 - Level 7.0 Armour
 - Level 13.0 Dodging
 - Level 17.0 Stealth
 - Level 7.0 Shields
 - Level 10.1 Spellcasting
 - Level 9.0 Conjurations
 + Level 13.2 Hexes
 - Level 10.1 Necromancy
 - Level 3.0 Ice Magic
 - Level 10.0 Earth Magic
 - Level 6.0 Evocations


You had 15 spell levels left.
You knew the following spells:

 Your Spells              Type           Power      Damage    Failure   Level
a - Ensorcelled Hibernat  Hex/Ice        100%       N/A       1%          2
b - Tukima's Dance        Hex            83%        N/A       1%          3
c - Confusing Touch       Hex            83%        N/A       1%          3
d - Dazzling Flash        Conj/Hex       100%       N/A       1%          3
e - Stone Arrow           Conj/Erth      100%       3d13      1%          3
f - Dispel Undead         Necr           72%        3d24      2%          4
g - Borgnjor's Vile Clut  Necr/Erth      36%        N/A       7%          5

Your spell library contained the following spells:

 Spells                   Type           Power      Damage    Failure   Level
 Kiss of Death            Conj/Necr      100%       2d13      1%          1
 Necrotise                Necr           100%       1d9       1%          1
 Sandblast                Erth           100%       2d20      1%          1
 Passwall                 Erth           72%        N/A       1%          3
 Vampiric Draining        Necr           72%        2d11      1%          3
 Anguish                  Hex/Necr       39%        N/A       1%          4
 Cause Fear               Hex            41%        N/A       1%          4
 Shock                    Conj/Air       100%       1d9       2%          1
 Sting                    Conj/Alch      100%       1d9       2%          1
 Animate Dead             Necr           72%        N/A       2%          4
 Static Discharge         Conj/Air       96%        3-7/arc   3%          2
 Brom's Barrelling Bould  Conj/Erth      70%        2d8       3%          4
 Curse of Agony           Necr           72%        N/A       7%          5
 Lee's Rapid Deconstruct  Erth           36%        3d18*     8%          5
 Iskenderun's Battlesphe  Conj           68%        2d12      11%         5
 Animate Armour           Summ/Erth      100%       N/A       21%         4
 Leda's Liquefaction      Alch/Erth      25%        N/A       21%         4
 Martyr's Knell           Necr/Summ      51%        N/A       21%         4
 Mercury Vapours          Alch/Air       34%        N/A       24%         2
 Fulminant Prism          Conj/Alch      24%        3d12      26%         4
 Silence                  Hex/Air        29%        N/A       30%         5
 Summon Mana Viper        Hex/Summ       58%        N/A       30%         5
 Death Channel            Necr           36%        N/A       36%         6
 Volatile Blastmotes      Fire/Tloc      34%        2d12      43%         3
 Bombard                  Conj/Erth      35%        9d6       45%         6
 Enfeeble                 Hex            41%        N/A       52%         7
 Arcjolt                  Conj/Air       24%        1d34      56%         5
 Fireball                 Conj/Fire      24%        3d11      56%         5
 Ignite Poison            Fire/Alch      17%        N/A       85%         4
 Olgreb's Toxic Radiance  Alch           17%        N/A       85%         4
 Passage of Golubria      Tloc           17%        N/A       85%         4
 Vhi's Electric Charge    Tloc/Air       34%        N/A       85%         4
 Conjure Ball Lightning   Conj/Air       24%        3x3d7     98%         6
 Starburst                Conj/Fire      24%        6d8       98%         6
 Summon Forest            Summ/Tloc      8%         N/A       99%         5
 Sculpt Simulacrum        Ice/Alch       13%        N/A       100%        6
 Summon Cactus Giant      Summ           8%         N/A       100%        6
 Ozocubu's Refrigeration  Ice            19%        4d11      100%        7
 Spellforged Servitor     Conj/Summ      24%        N/A       100%        7
 Lehudib's Crystal Spear  Conj/Erth      35%        10d9      100%        8
 Maxwell's Capacitive Co  Air            8%         ∞         100%        8
 Polar Vortex             Ice            19%        12d2*     100%        9


Dungeon Overview and Level Annotations

Branches:
Dungeon (15/15)            Temple (1/1) D:5            Lair (5/5) D:8
  Swamp (4/4) Lair:2       Spider (4/4) Lair:3        Slime (0/5) Lair:4
    Orc (2/2) D:12            Elf (0/3) Orc:2        Vaults (1/5) D:14
 Depths (0/4) D:15         WizLab (1/1)             Gauntlet (visited)

Altars:
Ashenzari
Cheibriados
Dithmenos
Fedhas
Gozag
Hepliaklqana
Kikubaaqudgha
Makhleb
Nemelex Xobeh
Okawaru
Qazlal
Ru
Sif Muna
Trog
Uskayaw
Vehumet
Wu Jian
Xom
Yredelemnul
Jiyva
Lugonu

Shops:
D:1 *   D:4 *   D:7 (   D:13 :*   Orc:2 *([*   Vaults:1 ?

Portals:
Abyss: Lair:5


Innate Abilities, Weirdness & Mutations

You do not regenerate when monsters are visible.
You are frail without blood (-20% HP).
You can heal yourself when you bite living creatures.
You are immune to poison.
You have razor-sharp teeth.
You have supernaturally acute eyesight. (SInv)
You are afflicted with vampirism and can become a bat while bloodless.


Message History

You feel invigorated.
The skeletal warrior hits you but does no damage.
The spectral titan hits you but does no damage.
The +3 dagger of Conformity {venom, Int+3 Stlth+} stops dripping with poison.
The engine hums to life!
o - the +2 Maxwell's thermic engine (weapon)
{flame, freeze, rev} The skeletal warrior hits you from afar with a +0 halberd!
* * * LOW HITPOINT WARNING * * *
The spectral titan hits you!!
* * * LOW HITPOINT WARNING * * *
You feel much better. The skeletal warrior barely misses you.
The spectral titan hits you but does no damage.
You hit the spectral titan. You burn the spectral titan.
You freeze the spectral titan.
You bite the spectral titan, but do no damage.
The spectral titan is lightly damaged.
The skeletal warrior hits you from afar with a +0 halberd!
* * * LOW HITPOINT WARNING * * *
You hit the spectral titan. You burn the spectral titan.
The spectral titan is lightly damaged.
The spectral titan hits you!!
* * * LOW HITPOINT WARNING * * *
Okay, then.
You feel yourself speed up.
The skeletal warrior closely misses you.
The spectral titan hits you!
* * * LOW HITPOINT WARNING * * *
You slash the spectral titan! You burn the spectral titan.
The spectral titan is lightly damaged.
The skeletal warrior closely misses you.
The spectral titan hits you but does no damage.
You feel better.
You feel less invigorated.
Casting: Dispel Undead (mildly dangerous; 2% risk of failure)
Confirm with . or Enter, or press ? or * to list all spells.
Aiming: Dispel Undead (mildly dangerous; 2% risk of failure)
Press: ? - help, Shift-Dir - straight line, f - spectral titan
Aim: a spectral titan (lightly damaged, 100% to hit)
You feel a surge of power!
The spectral titan is dispelled!!
The spectral titan hits you!!
You die...

......##.##.......#...#
......##.##........#..#
#####.......#####.....#
# #...∩...#...##....#
#⌠.....⌠#....##...#
###...###.....##..##
##.##...z....#...#
#⌠#.....#Z......#
###..#.W#@......#
#....#W##..#...# #
#.###ZW.#......# # z.
#...#.....## # #Z
.#Z.#..#..# # .
W...##.....# .
.#..W#...#..# .#
#....##...#..# .z # ..#
...#...#


You could see a spectral titan.

Vanquished Creatures
  Mara (Spider:3)
  Bai Suzhen (Swamp:3)
  A tentacled monstrosity (Swamp:4)
  Jorgrun (Spider:2)
  Mlioglotl (Spider:2)
  Gastronok (D:9)
  Frances (Swamp:1)
  Donald (Swamp:1)
  2 thorn hunters (Swamp:4)
  7 emperor scorpions
  Louise (Spider:2)
  7 ghost moths
  An orc warlord (Orc:1)
  2 caustic shrike zombies (WizLab)
  4 broodmothers (Spider:3)
  The ghost of popper the Severer, a journeyman MiFi of Trog (D:12)
  Nessos (D:14)
  6 eleionomae
  Azrael (D:14)
  5 spark wasps
  A minotaur (Gauntlet)
  3 bunyips
  Snorg (Orc:1)
  2 quicksilver dragon zombies
  The ghost of Dirol the Basher, a journeyman AtBe of Trog (D:11)
  6 entropy weavers
  The ghost of TheWayOfAllFlesh the Basher, a journeyman GrFi of Okawaru (D:10)
  A yaktaur captain (Vaults:1)
  2 vault guards (Vaults:1)
  An ice dragon (Swamp:4)
  Harold (D:11)
  A great orb of eyes (Vaults:1)
  4 jorogumos
  3 radroaches
  14 hydras
  7 two-headed ogres
  Erica (Lair:2)
  6 centaur warriors
  8 alligators
  4 death yaks
  3 boulder beetles
  2 tengu warriors
  5 demonic crawlers
  2 orc high priests (Orc:2)
  A vampire mage (D:15)
  3 thrashing horrors (Lair:5)
  A spriggan berserker (Swamp:4)
  A naga sharpshooter (D:13)
  7 death scarabs (Spider:4)
  3 occultists
  Urug (Lair:1)
  15 spriggans
  Sonja (Orc:1)
  A spectral spark wasp (WizLab)
  8 pharaoh ants
  11 skeletal warriors (D:15)
  3 shadow wraiths (WizLab)
  Amaemon (Lair:1)
  5 goliath frogs
  A skyshark (Lair:4)
  5 flayed ghosts (WizLab)
  9 spriggan druids
  2 sun moths
  An arcanist (Gauntlet)
  6 phantasmal warriors (WizLab)
  9 orc knights
  10 swamp dragons
  7 bog bodies
  10 orb spiders
  A spectral wolf spider (Spider:4)
  A wolf spider zombie (Spider:4)
  Pikel (D:5)
  An ironbound convoker (Vaults:1)
  10 steelbarb worms
  20 wolf spiders
  An oklob plant (Lair:3)
  2 deep elf pyromancers (D:12)
  A necromancer (D:15)
  4 cyclopes
  6 orc sorcerers
  3 manticores
  5 will-o-the-wisps
  A spectral spriggan (WizLab)
  15 ugly things
  6 moths of wrath
  3 elephants (Lair:5)
  A large abomination (Lair:5)
  3 meliai (Spider:2)
  3 kobold blastminers
  4 black mambas
  5 torpor snails
  An orange demon (Lair:1)
  3 unseen horrors
  13 cane toads
  2 spectral redbacks (Spider:4)
  Jeremiah (D:6)
  An efreet (D:15)
  3 kobold demonologists
  4 rime drakes
  3 redback zombies (Spider:4)
  9 komodo dragons
  6 yaktaurs
  2 tengu conjurers
  A spectral harpy (WizLab)
  5 trolls
  A harpy zombie (WizLab)
  2 polar bears (D:8)
  A queen bee (shapeshifter) (D:11)
  3 spectral jumping spiders (Spider:4)
  2 spectral culicivoras (Spider:4)
  2 tyrant leeches (Swamp:2)
  11 hornets
  26 tarantellas
  Grinder (D:4)
  2 jumping spider zombies (Spider:4)
  2 spriggan zombies
  16 blink frogs
  2 raiju (Lair:5)
  4 tarantella zombies (Spider:4)
  6 dream sheep
  33 jumping spiders
  9 slime creatures
  18 culicivoras
  Sigmund (D:4)
  2 vampires
  2 spriggans (shapeshifter) (D:13)
  8 small abominations (Lair:5)
  41 yaks
  2 ynoxinuls (Lair:5)
  6 wyverns
  10 basilisks
  3 wargs
  A steam dragon (D:10)
  6 wraiths
  A warg (shapeshifter) (D:9)
  A human (shapeshifter) (D:15)
  A basilisk (shapeshifter) (Lair:5)
  A fire elemental (D:14)
  65 redbacks
  11 vampire mosquitoes
  2 chaos spawn (Lair:5)
  16 swamp worms
  2 nagas (D:13)
  16 water moccasins
  4 hell hounds (D:14)
  Duvessa (D:4)
  8 swamp drakes
  7 ice beasts
  2 black bears
  2 sky beasts
  A black bear (shapeshifter) (Lair:5)
  19 orc warriors
  A laughing skull (D:11)
  17 wolves
  8 ogres
  15 centaurs
  3 lemures (D:5)
  A phantom (D:5)
  Blork the orc (D:6)
  10 bullfrogs
  3 kobold brigands
  9 scorpions
  Dowan (D:4)
  4 killer bees
  2 howler monkeys (D:7)
  A bombardier beetle (D:4)
  A gnoll bouda (D:6)
  4 hounds
  4 jellies
  Crazy Yiuf (D:5)
  13 orc priests
  An iguana (D:5)
  Ijyb (D:5)
  3 sleepcaps
  23 orc wizards
  19 adders
  8 gnolls
  3 river rats (Lair:1)
  A shadow imp (Gauntlet)
  A white imp (Gauntlet)
  3 ribbon worms
  7 dart slugs
  83 orcs
  A bat (D:3)
  7 endoplasms
  7 giant cockroaches
  8 hobgoblins
  3 quokkas
  9 ball pythons
  4 frilled lizards
  11 goblins
  29 kobolds
  5 rats
  2 butterflies
1120 creatures vanquished.

Vanquished Creatures (collateral kills)
  Rupert (D:15)
  A vault warden (Vaults:1)
  An orc high priest (Orc:2)
  A gargoyle (D:8)
  A troll (D:8)
  An orc warrior (D:8)
  An orc (D:8)
7 creatures vanquished.

Vanquished Creatures (others)
  A fenstrider witch (Swamp:4)
  2 bloated husks
  A centaur simulacrum (D:14)
  3 dancing weapons
  An orc warrior (D:8)
  An electric eel (D:14)
  An orc wizard (Orc:2)
  An orc (Orc:2)
  14 foxfires (Swamp:1)
25 creatures vanquished.

Grand Total: 1152 creatures vanquished

Notes
Turn   | Place    | Note
-------+----------+-------------------------------------------
     0 | D:1      | Ender991 the Vampire Enchanter began the quest for the Orb.
     0 | D:1      | Reached XP level 1. HP: 13/13 MP: 3/3
   129 | D:1      | Reached XP level 2. HP: 19/19 MP: 5/5
   135 | D:1      | Reached skill level 5 in Stealth
   144 | D:1      | Learned a level 2 spell: Ensorcelled Hibernation
   156 | D:1      | Found Nofie's General Store.
   188 | D:1      | Reached skill level 5 in Hexes
   555 | D:1      | Gained mutation: You are afflicted with vampirism and can
                  | become a bat while bloodless. [Vampire growth]
   555 | D:1      | Reached XP level 3. HP: 24/24 MP: 6/6
  1037 | D:2      | Learned a level 3 spell: Tukima's Dance
  1742 | D:2      | Reached XP level 4. HP: 30/30 MP: 7/7
  2103 | D:3      | Found the +2 Maxwell's thermic engine {flame, freeze, rev}
  2262 | D:1      | Bought a scroll of amnesia for 52 gold pieces
  2262 | D:1      | Bought a scroll of enchant armour for 97 gold pieces
  2890 | D:3      | Reached XP level 5. HP: 35/35 MP: 8/8
  2892 | D:3      | Reached skill level 6 in Stealth
  3046 | D:4      | Noticed Grinder
  3089 | D:3      | Learned a level 3 spell: Confusing Touch
  3200 | D:4      | Noticed Duvessa
  3209 | D:4      | Noticed Dowan
  3214 | D:4      | Killed Duvessa
  3215 | D:4      | Reached skill level 8 in Stealth
  3215 | D:4      | Reached XP level 6. HP: 41/41 MP: 9/9
  3226 | D:4      | Killed Dowan
  3327 | D:4      | Reached skill level 9 in Stealth
  3376 | D:4      | Found Rotsedod's Gadget Gallery.
  3403 | D:4      | Found a sparkling altar of Nemelex Xobeh.
  3591 | D:4      | Found an ancient bone altar of Kikubaaqudgha.
  3657 | D:5      | Entered Level 5 of the Dungeon
  3720 | D:5      | Reached skill level 10 in Stealth
  3720 | D:5      | Reached XP level 7. HP: 46/46 MP: 1/10
  4279 | D:5      | Found a staircase to the Ecumenical Temple.
  4305 | D:5      | Noticed Pikel
  4308 | D:5      | Noticed Ijyb
  4328 | D:5      | Noticed Sigmund
  4379 | D:4      | Killed Grinder
  4380 | D:4      | Reached XP level 8. HP: 56/60 MP: 9/13
  4436 | D:4      | Killed Sigmund
  4628 | D:5      | Killed Ijyb
  4629 | D:5      | Reached skill level 5 in Spellcasting
  4632 | D:5      | Killed Pikel
  4722 | D:5      | Found a runed translucent door.
  4723 | D:5      | Noticed Crazy Yiuf
  4730 | D:5      | Killed Crazy Yiuf
  4825 | Temple   | Entered the Ecumenical Temple
  4841 | Temple   | Became a worshipper of the Wu Jian Council
  4892 | D:5      | Found a sacrificial altar of Ru.
  5110 | D:6      | Found a basalt altar of Yredelemnul.
  5255 | D:6      | Reached XP level 9. HP: 64/65 MP: 6/19
  5669 | D:6      | Noticed Blork the orc
  5696 | D:6      | Killed Blork the orc
  6185 | D:6      | Noticed Jeremiah
  6188 | D:6      | Killed Jeremiah
  6197 | D:6      | Found an iron altar of Okawaru.
  6380 | D:7      | Reached * piety under Wu Jian
  6633 | D:7      | Found a shadowy altar of Dithmenos.
  6754 | D:7      | Reached skill level 10 in Spellcasting
  7252 | D:7      | Found a snail-covered altar of Cheibriados.
  7308 | D:7      | Found Buddely's Antique Weapon Emporium.
  7425 | D:7      | Identified the +4 dagger of Iconoclasm {flame, rCorr Int+4}
  7654 | D:8      | Reached XP level 10. HP: 71/71 MP: 24/24
  7710 | D:8      | Reached skill level 5 in Dodging
  7748 | D:8      | Learned a level 3 spell: Dazzling Flash
  7823 | D:8      | Reached ** piety under Wu Jian
  7977 | D:8      | Reached skill level 10 in Hexes
  8057 | D:8      | Reached skill level 11 in Stealth
  8176 | D:8      | Found a staircase to the Lair.
  8230 | D:8      | Reached skill level 12 in Stealth
  8351 | D:8      | Noticed a centaur warrior
  8354 | D:8      | Noticed a gargoyle
  8356 | D:8      | Noticed a centaur warrior
  8623 | D:8      | Reached skill level 13 in Stealth
  8656 | D:9      | Reached skill level 14 in Stealth
  8747 | D:9      | Noticed Gastronok
  8777 | D:9      | Killed Gastronok
  8778 | D:9      | Reached XP level 11. HP: 39/77 MP: 25/25
  8913 | D:9      | Noticed a two-headed ogre
  8922 | D:9      | Killed a two-headed ogre
  8939 | D:9      | Found an opulent altar of Gozag.
  9092 | D:9      | Reached skill level 5 in Long Blades
  9306 | D:10     | Entered Level 10 of the Dungeon
  9559 | D:10     | Reached *** piety under Wu Jian
  9678 | D:10     | Noticed a two-headed ogre
  9683 | D:10     | Killed a two-headed ogre
  9720 | D:10     | Noticed a two-headed ogre
  9729 | D:10     | Killed a two-headed ogre
  9813 | D:10     | Found a large runed translucent door.
  9813 | D:10     | Found a large runed translucent door.
  9818 | D:10     | Noticed TheWayOfAllFlesh's ghost (journeyman GrFi)
 10110 | D:10     | Learned a level 3 spell: Stone Arrow
 10157 | Lair:1   | Entered Level 1 of the Lair of Beasts
 10214 | Lair:1   | Reached skill level 1 in Earth Magic
 10482 | Lair:1   | Noticed Urug
 10526 | Lair:1   | Reached skill level 5 in Earth Magic
 10528 | Lair:1   | Killed Urug
 10608 | Lair:1   | Noticed Amaemon
 11130 | Lair:1   | Reached skill level 1 in Conjurations
 11221 | Lair:1   | Reached XP level 12. HP: 75/83 MP: 16/26
 11579 | Lair:1   | Killed Amaemon
 11624 | Lair:2   | Reached **** piety under Wu Jian
 11850 | Lair:2   | Found a staircase to the Swamp.
 11914 | Lair:2   | Reached skill level 5 in Conjurations
 11919 | Lair:2   | Reached skill level 1 in Ice Magic
 11923 | Lair:2   | Noticed Erica
 11928 | Lair:2   | Killed Erica
 12316 | Lair:2   | Reached skill level 5 in Fighting
 12789 | D:4      | Bought a phantom mirror for 520 gold pieces
 12932 | Lair:3   | Found a hole to the Spider Nest.
 12937 | Lair:3   | Reached skill level 1 in Armour
 13753 | Lair:4   | Reached skill level 5 in Armour
 13803 | Lair:4   | Noticed a four-headed hydra
 13820 | Lair:4   | Reached skill level 1 in Evocations
 13944 | Lair:4   | Found a staircase to the Slime Pits.
 14087 | Lair:4   | Killed a four-headed hydra
 14164 | Lair:4   | Reached XP level 13. HP: 72/72 MP: 24/27
 14346 | Lair:4   | You fall into a shaft and drop 1 floor!
 14346 | Lair:5   | Entered Level 5 of the Lair of Beasts
 14550 | Lair:5   | Reached ***** piety under Wu Jian
 15898 | Lair:5   | Got the Papyrus of Context
 17411 | Lair:5   | Reached XP level 14. HP: 65/82 MP: 3/28
 17551 | Lair:5   | Found a corrupted altar of Lugonu.
 17551 | Lair:5   | Found a one-way gate to the infinite horrors of the Abyss.
 17569 | Lair:5   | Identified the staff of Honour {Str+3 Earth}
 17818 | D:8      | Reached skill level 15 in Stealth
 17952 | D:8      | Identified the +3 quarterstaff of Summertime {flame, Int+5}
 17954 | D:8      | Got Veutay's Elucidation of the Fifth Circle and Immolation
 18006 | D:10     | Identified a scroll of acquirement
 18006 | D:10     | Acquired the amulet "Loote" {Reflect rElec rN++ rCorr SH+5}
 18048 | D:10     | Killed TheWayOfAllFlesh's ghost
 18049 | D:10     | Reached skill level 1 in Shields
 18367 | D:11     | Identified the +3 dagger of Conformity {venom, Int+3
                  | Stlth+}
 18484 | D:11     | Found a transporter.
 18484 | D:11     | Found a transporter.
 18513 | D:11     | Noticed Harold
 18520 | D:11     | Killed Harold
 18787 | D:11     | Found a runed translucent gate.
 18788 | D:11     | Found a runed translucent gate.
 18789 | D:11     | Found a runed translucent gate.
 18791 | D:11     | Noticed Dirol's ghost (journeyman AtBe)
 18793 | D:11     | Found a viscous altar of Jiyva.
 19023 | D:11     | Killed Dirol's ghost
 19023 | D:11     | Reached ****** piety under Wu Jian
 19133 | D:12     | Reached skill level 5 in Shields
 19451 | D:12     | Found a transporter.
 19453 | D:12     | Found a transporter.
 19458 | D:12     | Found a bloodstained altar of Trog.
 19482 | D:12     | Noticed popper's ghost (journeyman MiFi)
 19646 | D:12     | Found a staircase to the Orcish Mines.
 19750 | D:12     | Found a stormy altar of Qazlal.
 19918 | D:13     | Found a gate leading to a gauntlet.
 19948 | Gauntlet | Entered a Gauntlet
 19948 | Gauntlet | Found a runed translucent gate.
 19948 | Gauntlet | Found a transporter.
 19948 | Gauntlet | Found a runed translucent gate.
 19948 | Gauntlet | Found a runed translucent gate.
 19948 | Gauntlet | Found a transporter.
 19950 | Gauntlet | Found a transporter.
 19950 | Gauntlet | Found a transporter.
 19966 | Gauntlet | Found a transporter.
 19974 | Gauntlet | Found a transporter.
 19978 | Gauntlet | Found a transporter.
 19996 | Gauntlet | Found a transporter.
 20002 | Gauntlet | Found a runed translucent door.
 20003 | Gauntlet | Found a transporter.
 20004 | Gauntlet | Found a runed translucent door.
 20017 | Gauntlet | Found a transporter.
 20021 | Gauntlet | Found a transporter.
 20029 | Gauntlet | Found a transporter.
 20658 | D:13     | Found Picifrav's Serpentskin Sales.
 21028 | D:13     | Found Mouxaum's Tremendous Tomes.
 21283 | D:14     | Noticed Azrael
 21530 | D:14     | Noticed Nessos
 21548 | D:14     | Killed Nessos
 22026 | D:14     | Reached skill level 10 in Earth Magic
 22034 | D:14     | Learned a level 4 spell: Dispel Undead
 22353 | D:14     | Reached skill level 1 in Necromancy
 22824 | D:14     | Found a gate to the Vaults.
 23147 | D:14     | Killed Azrael
 23316 | D:15     | Entered Level 15 of the Dungeon
 24112 | D:15     | Reached XP level 15. HP: 86/86 MP: 26/29
 24140 | D:15     | Found a staircase to the Depths.
 24369 | D:15     | Reached skill level 5 in Necromancy
 25128 | D:15     | Noticed Rupert
 25800 | D:15     | Killed Rupert
 26886 | Orc:1    | Entered Level 1 of the Orcish Mines
 26893 | Orc:1    | Noticed Sonja
 26900 | Orc:1    | Noticed Snorg
 26903 | Orc:1    | Killed Sonja
 27188 | Orc:1    | Killed Snorg
 27611 | Orc:2    | Entered Level 2 of the Orcish Mines
 28193 | Orc:2    | Found a staircase to the Elven Halls.
 28419 | Orc:2    | Reached skill level 5 in Short Blades
 29070 | Orc:2    | Found Fogeh's General Store.
 29070 | Orc:2    | Found Ampyidir's Assorted Antiques.
 29072 | Orc:2    | Found Alagunn's Antique Armour Emporium.
 29072 | Orc:2    | Found Resin's Antique Weapon Boutique.
 29083 | Orc:2    | Bought a scroll of identify for 20 gold pieces
 29083 | Orc:2    | Bought 3 atropa-tipped darts for 27 gold pieces
 29083 | Orc:2    | Bought a scroll of enchant armour for 75 gold pieces
 29083 | Orc:2    | Bought a scroll of immolation for 40 gold pieces
 29083 | Orc:2    | Bought a scroll of amnesia for 40 gold pieces
 29138 | Orc:2    | Bought a pair of glowing gloves for 180 gold pieces
 29142 | Orc:2    | Bought a potion of might for 108 gold pieces
 29142 | Orc:2    | Bought a scroll of vulnerability for 108 gold pieces
 30211 | Spider:1 | Entered Level 1 of the Spider Nest
 30240 | Spider:1 | Noticed an emperor scorpion
 30568 | Spider:1 | Noticed an emperor scorpion
 30579 | Spider:1 | Killed an emperor scorpion
 30631 | Spider:1 | Reached XP level 16. HP: 93/93 MP: 30/30
 31449 | Spider:1 | Reached skill level 10 in Long Blades
 31688 | Swamp:1  | Entered Level 1 of the Swamp
 31688 | Swamp:1  | Noticed Donald
 31689 | Swamp:1  | Killed Donald
 31734 | Swamp:1  | Noticed Frances
 32064 | Swamp:1  | Killed Frances
 33662 | Swamp:2  | Reached skill level 10 in Fighting
 34685 | Swamp:3  | Noticed Bai Suzhen
 34850 | Spider:2 | Noticed Louise
 34852 | Spider:2 | Killed Louise
 35008 | Spider:2 | Noticed Mlioglotl
 35738 | Spider:2 | Noticed Jorgrun
 36647 | Spider:2 | Killed Jorgrun
 36802 | Spider:2 | Killed Mlioglotl
 36963 | Spider:3 | Reached skill level 15 in Long Blades
 36963 | Spider:3 | Reached XP level 17. HP: 84/103 MP: 26/31
 37078 | Spider:3 | Noticed Mara
 38383 | Spider:3 | Reached skill level 10 in Necromancy
 38421 | Spider:3 | Learned a level 5 spell: Borgnjor's Vile Clutch
 38657 | Spider:3 | Killed Mara
 38707 | Spider:3 | Reached skill level 10 in Dodging
 38947 | Spider:4 | Entered Level 4 of the Spider Nest
 40459 | Spider:4 | Reached skill level 5 in Evocations
 40801 | Spider:4 | Reached skill level 1 in Throwing
 40803 | Spider:4 | Reached XP level 18. HP: 74/108 MP: 1/32
 41704 | Spider:4 | Got a gossamer rune of Zot
 42639 | Swamp:3  | Identified the +12 shortbow of the Howling Fox {drain,
                  | rElec Dex+2}
 42639 | Swamp:3  | Identified the +0 chain mail "Fanatahu" {Str+3}
 43676 | Swamp:3  | Killed Bai Suzhen
 43794 | Swamp:4  | Entered Level 4 of the Swamp
 44280 | Swamp:4  | Noticed a tentacled monstrosity
 44680 | Swamp:4  | Paralysed by a fenstrider witch for 4 turns
 45295 | Swamp:4  | Killed a tentacled monstrosity
 45296 | Swamp:4  | Reached skill level 16 in Stealth
 45581 | Swamp:4  | Got a decaying rune of Zot
 46143 | D:12     | Killed popper's ghost
 46158 | D:12     | Reached skill level 17 in Stealth
 46288 | Vaults:1 | Entered Level 1 of the Vaults
 46289 | Vaults:1 | Found Kych's Magic Scroll Shop.
 46318 | Vaults:1 | Bought a scroll of amnesia for 48 gold pieces
 46318 | Vaults:1 | Bought a scroll of revelation for 90 gold pieces
 46318 | Vaults:1 | Bought a scroll of fog for 48 gold pieces
 46318 | Vaults:1 | Bought a scroll of summoning for 114 gold pieces
 46318 | Vaults:1 | Bought a scroll of silence for 114 gold pieces
 46479 | Vaults:1 | Found a magical portal.
 46484 | WizLab   | Entered Borgnjor's Mausoleum
 47240 | WizLab   | Reached XP level 19. HP: 48/114 MP: 10/33
 47244 | WizLab   | HP: 4/114 [spectral titan (29)]
 47252 | WizLab   | Slain by a spectral titan

Illustrated notes

Levels and vault maps discovered:
D:1:      minmay_arrival_shoal_huts, layout_loops_ring, serial_shops,
          nicolae_shop_advertising_works [nicolae_subvault_shop_adworks]
D:2:      layout_basic, hangedman_abyss_or_decor_lesser_grid
D:3:      layout_basic, hellmonk_no_cap
D:4:      layout_rooms, kiku_gazebo_pond_becter,
          mainiacjoe_overflow_six_doors_small, hangedman_decor_clover_reticule,
          nicolae_shop_gadgets, uniq_grinder, uniq_duvessa
D:5:      layout_rooms, nicolae_overflow_two_pavilions,
          minmay_temple_entry_tees, uniq_crazy_yiuf_cottage, uniq_pikel,
          uniq_ijyb, uniq_sigmund
D:6:      layout_loops_ring, mainiacjoe_overflow_paths,
          okawaru_altar_gauntlet_db, serial_park_tiny_2, uniq_blork_the_orc,
          uniq_jeremiah
D:7:      layout_gridville, mainiacjoe_overflow_boulevard, slow_altar_1,
          serial_shops, nicolae_shop_tiny_real_fake_doors, nicolae_letterblocks
          [nicolae_letter_subblock, nicolae_letter_subblock,
          nicolae_letter_subblock, nicolae_letter_subblock,
          nicolae_letter_subblock, nicolae_letter_subblock,
          nicolae_letter_subblock, nicolae_letter_subblock,
          nicolae_letter_subblock, nicolae_letter_subblock,
          nicolae_letter_subblock, nicolae_letter_subblock,
          nicolae_letter_subblock, nicolae_letter_subblock,
          nicolae_letter_subblock, nicolae_letter_subblock,
          nicolae_letter_subblock, nicolae_letter_subblock,
          nicolae_letter_subblock, nicolae_letter_subblock,
          nicolae_letter_subblock, nicolae_letter_subblock,
          nicolae_letter_subblock, nicolae_letter_subblock,
          nicolae_letter_subblock]
D:8:      layout_cave_pools, hellmonk_lair_entry_icy, grunt_decor_resistance,
          onia_ninara_dug_in_and_dangerous
D:9:      layout_gridville, grunt_gozag_breadcrumbs, uniq_gastronok
D:10:     layout_big_octagon, ebering_ghost_disaster_area,
          nicolae_straight_to_the_point
D:11:     gammafunk_the_bubble [the_bubble_gammafunk_split], layout_small_grid,
          gammafunk_ghost_ooze, glass_columns_a, uniq_harold
D:12:     layout_cave_pools, orc_0_dummy, gammafunk_ghost_wrathful_warriors,
          corexii_checkpoint, grunt_qazlal_sundering
D:13:     hellmonk_ruined_rings, layout_irregular_city, gauntlet_entry_generic,
          nicolae_shop_i_like_big_books, minmay_misc_feat_rows,
          guppyfry_shop_venom
D:14:     layout_long_grid, david_vaults_4, serial_co_window_serial,
          co_window_of_opportunity_a, co_window_corner_a, co_window_paths_a,
          co_window_of_opportunity_a, co_window_paths_a, co_window_corner_b,
          co_window_2corner, co_window_corner_ca, co_window_corner_b,
          co_window_paths_e, co_window_sun, glass_columns_b, glass_columns_a,
          glass_columns_a, serial_bayou_lagoon_a, minmay_crystal_water,
          uniq_azrael, uniq_nessos
D:15:     gammafunk_depths_entry_grave, layout_stronghold, uniq_rupert
Temple:   dshaligram_water_room_temple
Lair:1:   minmay_lair_venomous_thicket, layout_regular_city, pond,
          infiniplex_staircase_pool_2, uniq_urug, uniq_amaemon
Lair:2:   layout_loops_ring, skrybe_swamp_entry_bodies,
          chequers_serial_rivers_room_a, lemuel_fruit_fields, uniq_erica
Lair:3:   layout_gridlike, nicolae_spider_entry_non_spiders,
          nicolae_lair_grove_arrangements
Lair:4:   layout_hall_layers, slime_entry_1, lemuel_fruit_fields
Lair:5:   hellmonk_lair_end_abyssal_woods, layout_big_grid, grunt_megastairs_4
Swamp:1:  layout_falls_marsh, evilmike_swamp_ruin_house_5,
          nzn_swamp_dancing_lights, uniq_frances, uniq_donald
Swamp:2:  layout_basic_swamp, evilmike_swamp_ruin_house_2, swamp_pool_4,
          nicolae_swamp_feature_on_the_river_bank
Swamp:3:  layout_basic_swamp, evilmike_swamp_ruin_house_4, uniq_bai_suzhen
Swamp:4:  swamp_alternative, layout_basic_swamp, swamp_pool_3,
          infiniplex_staircase_pool
Spider:1: layout_spider_delve
Spider:2: layout_chambers, nicolae_spider_baby_got_redback, uniq_mlioglotl,
          uniq_jorgrun, uniq_louise
Spider:3: nicolae_spider_hall_of_the_moth_king,
          hangedman_spider_tarantella_strand, uniq_mara
Spider:4: floodkiller_spider_rune_tomb, nicolae_spider_orb_run
Orc:1:    cheibrodos_orc_arena, layout_caves,
          nicolae_orc_takin'_care_of_business, uniq_snorg, uniq_sonja
Orc:2:    grunt_orc_tribal_feast, layout_diamond_mine
Vaults:1: mu_enter_wizlab_1, nicolae_vaults_oval_intersection, v_pattern_5,
          v_alt_pattern_6, nicolae_vaults_surprise_closet_hard,
          vaults_dpeg_diagonal, nicolae_vaults_more_shelving_2,
          hangedman_vaults_capsules, nicolae_vaults_little_squares_6,
          nicolae_vaults_trapezoid_lopsided_1, ontoclasm_vaults_gateway,
          ontoclasm_vaults_pinch, ontoclasm_vaults_eye,
          nicolae_vaults_little_squares_1, layout_vaults_omnigrid, serial_shops,
          nicolae_square_shop
WizLab:   wizlab_borgnjor

Skill      XL: |  1  2  3  4  5  6  7  8  9 10 11 12 13 14 15 16 17 18 |
---------------+-------------------------------------------------------+-----
Stealth        | 5 8 10 14 15 17 | 17.0
Hexes          | 5 6 7 10 13 | 13.2
Short Blades   | 2 5 |  5.3
Fighting       | 4 5 7 8 10 11 | 11.0
Spellcasting   | 3 7 10 | 10.1
Dodging        | 4 5 9 13 | 13.0
Long Blades    | 3 8 15 16 | 16.7
Earth Magic    | 6 7 10 | 10.0
Conjurations   | 2 5 8 9 |  9.0
Ice Magic      | 3 |  3.0
Armour         | 5 7 |  7.0
Evocations     | 3 4 6 |  6.0
Shields        | 6 7 |  7.0
Necromancy     | 4 8 10 | 10.1
Throwing       | 1 4 |  4.0

Action                     |  1- 3 |  4- 6 |  7- 9 | 10-12 | 13-15 | 16-18 | 19-21 || total
---------------------------+-------+-------+-------+-------+-------+-------+-------++-------
  Melee: Dagger            |   122 |    85 |   168 |   295 |   803 |   574 |       ||  2047
         Bite              |     5 |     6 |    14 |    36 |   103 |   104 |     1 ||   269
         Punch             |     2 |       |       |     4 |     2 |       |       ||     8
         Double sword      |       |       |       |    27 |    62 |   121 |     3 ||   213
  Throw: Dart              |       |       |     5 |     1 |       |       |       ||     6
         Throwing net      |       |       |       |     3 |     1 |       |       ||     4
         Javelin           |       |       |       |       |       |     3 |       ||     3
   Cast: Ensorcelled Hiber |     5 |    23 |    96 |   133 |   319 |   295 |       ||   871
         Tukima's Dance    |       |     1 |       |    12 |    12 |     2 |       ||    27
         Confusing Touch   |       |       |     5 |    13 |     8 |       |       ||    26
         Dazzling Flash    |       |       |       |     9 |    20 |     3 |       ||    32
         Stone Arrow       |       |       |       |     7 |   129 |   173 |       ||   309
         Dispel Undead     |       |       |       |       |    25 |    88 |     4 ||   117
         Borgnjor's Vile C |       |       |       |       |       |    14 |       ||    14
 Invoke: Serpent's Lash    |       |       |       |       |       |     4 |       ||     4
Ability: Lunge             |       |       |    17 |    57 |   109 |   128 |       ||   311
         Whirlwind         |       |       |     1 |     9 |    76 |    51 |       ||   137
         Exsanguinate      |       |       |       |     1 |       |       |       ||     1
         Wall Jump         |       |       |       |       |       |     1 |       ||     1
  Evoke: Wand              |       |       |       |     1 |     4 |     7 |       ||    12
         Phantom mirror    |       |       |       |       |     2 |       |       ||     2
         Lightning rod     |       |       |       |       |     2 |       |       ||     2
         Phial of floods   |       |       |       |       |     1 |     1 |       ||     2
    Use: Potion            |       |     1 |     2 |     6 |     7 |     9 |     4 ||    29
         Scroll            |       |       |    14 |    10 |    12 |    11 |       ||    47
   Stab: Sleeping          |    14 |    26 |    56 |   109 |   240 |   269 |       ||   714
         Distracted        |     1 |       |     1 |     1 |     6 |     3 |       ||    12
         Invisible         |       |     1 |       |     6 |    14 |     1 |       ||    22
         Confused          |       |       |     6 |    11 |     8 |       |       ||    25
         Held in net/web   |       |       |       |     4 |     1 |     2 |       ||     7
 Armour: Robe              |    39 |    28 |   148 |   172 |     3 |       |       ||   390
         Ring mail         |       |       |       |       |   583 |   549 |    15 ||  1147
  Dodge: Dodged            |    56 |    38 |   132 |   243 |   568 |   555 |     4 ||  1596
  Block: Buckler           |       |       |       |       |   583 |   525 |     2 ||  1110
         Reflection        |       |       |       |       |    44 |    14 |       ||    58
